 Dungeon Crawl Stone Soup version 0.17.1-3-g152610e (webtiles) character file.

2050 Gargoyl the Covered (level 9, -4/69 HPs)
             Began as a Demonspawn Abyssal Knight on Mar 6, 2016.
             Was a Priest of Lugonu.
             Splashed by a jelly's acid (9 damage)
             ... on level 6 of the Dungeon.
             The game lasted 00:14:25 (6129 turns).

Gargoyl the Covered (Demonspawn Abyssal Knight)     Turns: 6129, Time: 00:14:27

Health: -4/69      AC: -7    Str: 18    XL:     9   Next: 4%
Magic:  10/10      EV:  7    Int: 13    God:    Lugonu [***...]
Gold:   293        SH:  0    Dex: 13    Spells: 0 memorised, 8 levels left

rFire  . . .     SeeInvis .     a - +1 hand axe
rCold  + . .     Clarity  .     u - +0 plate armour
rNeg   . . .     SustAt   .     (no shield)
rPois  .         Gourm    .     D - +0 helmet
rElec  .         Spirit   .     C - +0 cloak
rCorr  .         Warding  .     i - +0 pair of gloves
rMut   .         Stasis   .     (no boots)
MR     .....                    (no amulet)
Stlth  ..........               r - +2 ring of strength
                                b - ring of protection from cold

@: corroded equipment, not resistant to hostile enchantments, extremely
unstealthy
A: talons 1, low mp 1, nightstalker 3, powered by death 2
a: Depart the Abyss, Bend Space, Banish, Renounce Religion


You were on level 6 of the Dungeon.
You worshipped Lugonu.
Lugonu was most pleased with you.
You were not hungry.

You visited 1 branch of the dungeon, and saw 6 of its levels.
You visited the Abyss 1 time.

You collected 293 gold pieces.

Inventory:

Hand Weapons
 a - a +1 hand axe (weapon)
 p - a +0 flail
Missiles
 k - 4 tomahawks (quivered)
Armour
 i - a +0 pair of gloves (worn)
 u - a +0 plate armour (worn)
 C - a +0 cloak (worn)
 D - a +0 helmet (worn)
Jewellery
 b - a ring of protection from cold (left hand)
 r - a +2 ring of strength (right hand)
 t - an uncursed ring of stealth
Wands
 z - a wand of frost (40)
Scrolls
 e - 6 scrolls of identify
 h - a scroll of recharging
 n - 3 scrolls of teleportation
 q - 3 scrolls of magic mapping
 w - 4 scrolls of remove curse
 x - 2 scrolls of immolation {unknown}
 y - 2 scrolls of enchant armour {unknown}
Potions
 f - a potion of lignification
 g - a potion of resistance
 j - a potion of curing
 l - 2 potions of heal wounds
 m - a potion of brilliance
 o - a potion of haste
 v - a potion of invisibility {unknown}
 A - a potion of degeneration {unknown}
Comestibles
 c - 2 bread rations
 d - 3 meat rations
 s - a beef jerky
 B - 3 chunks of flesh


   Skills:
 + Level 6.1 Fighting
 + Level 5.9(6.0) Axes
 + Level 1.6(4.1) Maces & Flails
 + Level 6.7 Armour
 + Level 3.5 Dodging
 + Level 3.0 Invocations


You had 8 spell levels left.
You didn't know any spells.

Dungeon Overview and Level Annotations

Branches:
Dungeon (6/15)             Temple (0/1) D:6

Altars:
Fedhas
Qazlal
Yredelemnul

Shops:
D:5 %


Innate Abilities, Weirdness & Mutations

You are completely attuned to the shadows.
You regenerate health from kills.
You have sharp toenails.
Your magical capacity is low (-10% MP).


Message History

The jelly is severely wounded.
The jelly barely misses you.
You hit the jelly but do no damage. The acid corrodes you!
Your hands burn!
You claw the jelly, but do no damage.
The jelly is severely wounded.
The jelly hits you.
You are splashed with acid!
The acid corrodes you!
The acid burns!
* * * LOW HITPOINT WARNING * * *
You hit the jelly but do no damage.
Your hands burn!
* * * LOW HITPOINT WARNING * * *
You claw the jelly, but do no damage.
The jelly is severely wounded.
The jelly barely misses you.
You hit the jelly but do no damage.
Your hands burn!
* * * LOW HITPOINT WARNING * * *
The jelly is severely wounded.
The jelly hits you.
* * * LOW HITPOINT WARNING * * *
You are splashed with acid!
The acid burns!
You die...

* **,,,**,,,,*,* #...........##
********,**,,,,* ##.####.####...
,,,* *,,,**,,*,** #..##.....##.#.
,,,***,,,*,,....* #..#.......#.#.
,,,,,,,,,,,,....* #..#.......#.#.
,,,***,,,**,#...* #......_.......
,,,***,,,,,,##..###..#.......#...
,,,**,,,,***#........#.......#.#.
,,,**,,,,,* #..#@..#.##.....##.#.
*****,,*,,* #.,#J..#)####.####...
*****,,*,,**#,,#.................
,,,,,,,,,,,,,,,#........#..#####.
*****,,,,*,,,,,#..(.....##.......
#####..,,,,,,,,#..(.....####.....
.......,,,,*,,,#........# #.....
....(.#*,,,,,,.#.#.)....# ##.....
......##,,,*,,.....###### #......


You could see a jelly.

Vanquished Creatures
  The ghost of Metrazal the Covert, a novice SpAs (D:4)
  The ghost of urm the Ducker, an amateur HuWn (D:5)
  A black bear (D:6)
  A sky beast (D:5)
  2 ogres
  3 centaurs (D:6)
  2 ice beasts (D:5)
  A gnoll sergeant (D:5)
  A scorpion (D:4)
  3 crimson imps (D:5)
  2 hounds (D:4)
  3 orc priests
  3 iguanas (D:5)
  2 centaur skeletons (D:5)
  3 worker ants
  Terence (D:3)
  2 orc wizards
  11 gnolls (D:5)
  4 adders
  A shadow imp (D:5)
  3 oozes
  2 worms
  2 giant geckos
  9 orcs
  A ball python (D:3)
  7 bats
  6 giant cockroaches
  8 goblins
  14 hobgoblins
  5 kobolds
  2 quokkas (D:2)
  A giant cockroach zombie (D:6)
  A giant gecko skeleton (D:5)
  3 giant newts
  A quokka zombie (D:5)
  6 rats
119 creatures vanquished.

Notes
Turn   | Place    | Note
--------------------------------------------------------------
     0 | Abyss:1  | Gargoyl the Demonspawn Abyssal Knight began the quest for the Orb.
     0 | Abyss:1  | Reached XP level 1. HP: 18/18 MP: 2/2
    76 | Abyss:1  | Noticed a raiju
    77 | D:1      | Escaped the Abyss
   294 | D:1      | Gained mutation: You regenerate a little health from kills. [demonic ancestry]
   294 | D:1      | Reached XP level 2. HP: 24/24 MP: 3/3
   323 | D:1      | Reached * piety under Lugonu
   478 | D:1      | Reached skill level 1 in Dodging
  1160 | D:2      | Reached XP level 3. HP: 26/29 MP: 5/5
  1547 | D:2      | Found a blossoming altar of Fedhas.
  1973 | D:3      | Found a stormy altar of Qazlal.
  1980 | D:3      | Reached ** piety under Lugonu
  2002 | D:3      | Gained mutation: You are slightly more attuned to the shadows. [demonic ancestry]
  2002 | D:3      | Reached XP level 4. HP: 35/35 MP: 6/6
  2033 | D:3      | Noticed Terence
  2067 | D:3      | Killed Terence
  2110 | D:3      | Gained mutation: You regenerate health from kills. [demonic ancestry]
  2110 | D:3      | Reached XP level 5. HP: 34/42 MP: 7/7
  2730 | D:4      | Reached skill level 4 in Fighting
  2789 | D:4      | Noticed Metrazal's ghost (novice SpAs)
  2905 | D:4      | Gained mutation: Your flesh is heat resistant. [potion of mutation]
  2905 | D:4      | Gained mutation: You can breathe flames. [potion of mutation]
  2905 | D:4      | Gained mutation: Your spells are a little harder to cast, but a little more powerful. [potion of mutation]
  2923 | D:4      | Noticed an ogre
  2939 | D:4      | Killed an ogre
  2939 | D:4      | Gained mutation: You are significantly more attuned to the shadows. [demonic ancestry]
  2939 | D:4      | Reached XP level 6. HP: 35/48 MP: 8/8
  2974 | D:4      | Killed Metrazal's ghost
  3029 | D:4      | Reached XP level 7. HP: 28/55 MP: 9/9
  3865 | D:5      | Entered Level 5 of the Dungeon
  4468 | D:5      | Reached skill level 5 in Armour
  4619 | D:5      | Gained mutation: You are completely attuned to the shadows. [demonic ancestry]
  4619 | D:5      | Reached XP level 8. HP: 61/61 MP: 10/10
  4646 | D:5      | Reached skill level 5 in Fighting
  4648 | D:5      | Found Epetar's Food Shoppe.
  4741 | D:5      | Reached *** piety under Lugonu
  4746 | D:5      | Gained mutation: Your magical capacity is low (-10% MP). [potion of mutation]
  4746 | D:5      | Lost mutation: Your flesh is heat resistant. [potion of mutation]
  4746 | D:5      | Lost mutation: You can breathe flames. [potion of mutation]
  4747 | D:5      | Gained mutation: You have sharp toenails. [potion of mutation]
  4747 | D:5      | Lost mutation: Your spells are a little harder to cast, but a little more powerful. [potion of mutation]
  4883 | D:5      | Reached skill level 5 in Axes
  5500 | D:5      | Noticed urm's ghost (amateur HuWn)
  5532 | D:5      | Killed urm's ghost
  5532 | D:5      | Reached skill level 6 in Armour
  5696 | D:6      | Found a basalt altar of Yredelemnul.
  5709 | D:6      | Reached skill level 1 in Maces & Flails
  5965 | D:6      | Reached XP level 9. HP: 40/69 MP: 10/10
  6129 | D:6      | Splashed by a jelly's acid

Action                   |  1- 3 |  4- 6 |  7- 9 || total
-------------------------+-------+-------+-------++-------
Melee: Hand axe          |   136 |   321 |   557 ||  1014
       Flail             |       |       |    64 ||    64
Throw: Tomahawk          |       |       |     1 ||     1
Invok: Depart the Abyss  |     1 |       |       ||     1
 Abil: Breathe Fire      |       |       |     9 ||     9
  Use: Potion            |       |     9 |     2 ||    11
       Scroll            |       |       |     7 ||     7
  Eat: Bread ration      |     1 |       |     1 ||     2
       Chunk             |       |     2 |     7 ||     9
       Fruit             |       |       |     4 ||     4
